Map: Ancient Cistern LE

Players

Adams

  • Race: Terran Terran
  • League: Gold
  • Spawn Location: 1:00

MrSLOW - Winner!

  • Race: Protoss Protoss
  • League: Bronze
  • Spawn Location: 7:00

VOD

Have the link to the VOD?

Description

Time

  • Played on: March 31, 2023, 11:22 a.m.
  • Length: 9:20
Show
View Real Time Build Order
Export as new Build Order

Adams Terran 

Build Orders:  

Get SALT Encoding   

  12  0:00  SCV  
  13  0:12  SCV  
  14  0:19  Supply Depot  
  14  0:24  SCV  
  15  0:30  Refinery  
  15  0:41  SCV  
  16  0:47  Barracks  
  16  0:53  SCV  
  17  1:03  Supply Depot  
  17  1:05  SCV  
  18  1:17  SCV  
  19  1:29  SCV  
  20  1:42  Orbital Command  
  20  1:44  Reaper  
  21  1:57  Command Center  
  21  2:09  Factory  
  21  2:13  SCV  
  22  2:17  Refinery  
  22  2:28  Barracks Reactor  
  22  2:29  SCV  
  23  2:40  Supply Depot  
  23  2:43  Engineering Bay  
  23  2:44  SCV  
  24  2:47  Barracks  
  24  2:57  Factory Tech Lab  
  24  3:00  SCV  
  25  3:12  Marine x2  
  27  3:26  Siege Tank  
  29  3:28  SCV  
  29  3:30  Marine x2  
  32  3:48  Marine x2  
  34  3:56  Orbital Command  
  34  3:57  Barracks Tech Lab  
  34  4:03  Barracks  
  34  4:05  Starport, Terran Infantry Weapons Level 1  
  34  4:09  Marine x2  
  36  4:20  Marauder  
  38  4:27  Marine  
  39  4:35  Marine  
  40  4:40  Cyclone  
  40  4:45  Marine, Marauder  
  46  4:46  SCV x2  
  46  4:51  Refinery  
  48  4:53  Marine  
  48  4:58  SCV  
  48  4:59  SCV  
  51  5:01  Starport Reactor  
  51  5:06  Missile Turret  
  51  5:08  Missile Turret  
  51  5:10  Missile Turret  
  51  5:11  Missile Turret  
  51  5:13  SCV  
  51  5:14  Marine, SCV  
  53  5:20  Supply Depot  
  54  5:22  Supply Depot  
  54  5:34  Barracks Reactor  
  54  5:42  Marine x2, Marauder, Siege Tank  
  61  5:43  SCV  
  61  5:48  Viking  
  64  5:55  Supply Depot  
  64  5:59  Supply Depot, Marine  
  64  6:01  Refinery, SCV x2  
  67  6:04  Marine  
  67  6:05  Marauder  
  70  6:15  Terran Infantry Armor Level 1  
  70  6:17  SCV x2, Medivac  
  74  6:29  SCV, Viking  
  74  6:30  SCV  
  78  6:41  SCV  
  78  6:43  SCV  
  80  6:47  Viking  
  80  6:53  Supply Depot, SCV  
  83  6:56  Supply Depot  
  83  6:59  Medivac  
  85  7:02  Marine  
  86  7:09  Combat Shield  
  86  7:10  Supply Depot  
  86  7:14  Marine  
  86  7:15  Marauder  
  89  7:16  Armory  
  89  7:19  Engineering Bay  
  89  7:25  Viking  
  89  7:26  Marine  
  89  7:28  Marine x2  
  94  7:31  SCV  
  94  7:32  Marine, SCV  
  94  7:36  Marauder  
  99  7:40  Siege Tank  
  99  7:43  Marine  
  103  7:45  Marine  
  103  7:46  Marine  
  105  7:56  Command Center  
  105  7:58  Marauder  
  107  8:06  Starport  
  107  8:26  Marine x3  
  110  8:33  Marine  
  71  8:41  Marine  
  71  8:44  Marine x2  
  55  8:54  Marine x2  
  54  8:57  SCV x2  
  54  9:00  Starport Tech Lab  
  54  9:02  Marine  
  66  9:09  Factory  
Show
View Real Time Build Order
Export as new Build Order

MrSLOW Protoss - Winner!

Build Orders: Phoenix Opening, Colossus Rush 

Get SALT Encoding   

  12  0:00  Probe  
  13  0:12  Probe  
  14  0:17  Pylon  
  14  0:25  Probe (Chrono Boost)  
  15  0:37  Probe (Chrono Boost)  
  15  0:39  Gateway  
  16  0:45  Probe (Chrono Boost)  
  16  0:47  Assimilator  
  17  0:51  Probe  
  17  0:54  Assimilator  
  18  1:03  Probe (Chrono Boost)  
  19  1:07  Pylon  
  19  1:14  Probe (Chrono Boost)  
  20  1:19  Probe (Chrono Boost)  
  21  1:27  Cybernetics Core  
  21  1:29  Probe  
  24  1:41  Probe  
  25  1:53  Nexus  
  23  1:56  Probe  
  24  2:03  Sentry (Chrono Boost)  
  24  2:04  Warp Gate  
  26  2:08  Probe  
  26  2:11  Pylon  
  27  2:20  Probe  
  27  2:21  Stalker (Chrono Boost)  
  30  2:28  Phoenix  
  30  2:32  Probe  
  31  2:40  Robotics Facility  
  31  2:47  Probe  
  31  2:49  Stalker  
  34  2:59  Probe  
  36  3:05  Probe  
  36  3:11  Probe  
  37  3:16  Gateway  
  37  3:17  Probe, Gateway  
  38  3:23  Probe (Chrono Boost)  
  39  3:29  Probe (Chrono Boost), Observer  
  41  3:35  Pylon, Probe (Chrono Boost)  
  41  3:38  Assimilator  
  41  3:39  Assimilator  
  41  3:40  Probe (Chrono Boost)  
  43  3:42  Probe (Chrono Boost)  
  43  3:45  Probe (Chrono Boost)  
  45  3:49  Probe  
  45  3:51  Observer (Chrono Boost)  
  47  3:55  Robotics Bay  
  47  3:56  Probe  
  47  4:01  Probe  
  49  4:08  Probe  
  49  4:09  Pylon  
  50  4:12  Observer (Chrono Boost)  
  50  4:13  Probe, Stalker  
  50  4:14  Stalker  
  56  4:19  Stalker  
  56  4:20  Probe  
  59  4:24  Observer (Chrono Boost)  
  59  4:25  Probe  
  61  4:32  Probe  
  62  4:45  Colossus (Chrono Boost)  
  68  4:55  Pylon  
  68  4:58  Nexus, Sentry  
  70  5:01  Pylon  
  70  5:25  Stalker  
  70  5:27  Stalker x2  
  76  5:31  Probe  
  76  5:32  Probe  
  76  5:33  Colossus (Chrono Boost)  
  84  5:43  Shield Battery  
  84  5:44  Probe x2  
  84  5:46  Pylon  
  86  5:50  Twilight Council  
  86  5:52  Forge  
  86  5:53  Forge  
  86  5:56  Pylon  
  86  5:57  Pylon  
  86  6:05  Probe (Chrono Boost)  
  86  6:06  Probe (Chrono Boost)  
  86  6:10  Probe (Chrono Boost)  
  89  6:17  Probe x2 (Chrono Boost)  
  91  6:20  Probe (Chrono Boost)  
  91  6:22  Probe x2 (Chrono Boost), Colossus (Chrono Boost)  
  91  6:25  Protoss Ground Armor Level 1, Blink (Chrono Boost), Protoss Ground Weapons Level 1  
  100  6:27  Probe (Chrono Boost)  
  100  6:31  Probe x2 (Chrono Boost)  
  103  6:37  Assimilator  
  103  6:38  Assimilator  
  105  6:41  Probe x3 (Chrono Boost)  
  106  6:50  Gateway  
  106  6:51  Gateway  
  106  6:53  Gateway  
  106  6:55  Gateway  
  106  6:57  Gateway  
  106  6:59  Gateway  
  106  7:01  Probe x2  
  106  7:02  Probe  
  106  7:04  Colossus (Chrono Boost)  
  109  7:11  Gateway  
  109  7:12  Pylon  
  115  7:23  Pylon  
  115  7:26  Pylon x2, Stalker  
  115  7:27  Pylon, Stalker x2  
  121  7:49  Warp Prism  
  123  7:59  Stalker  
  123  8:00  Stalker x4  
  123  8:01  Zealot x2, Stalker  
  123  8:02  Zealot  
  123  8:05  Zealot  
  143  8:16  Pylon  
  143  8:25  Immortal  
  117  8:56  Zealot x3  
  117  8:57  Zealot x2  
  117  8:58  Zealot x2  
  117  8:59  Zealot x3  
  141  9:18  Nexus  
Tags
 
Add a new tag
Caveats
  • Supply blocks, unpowered buildings, or Contaminate may cause inaccurate times.
  • Supply counts are checked every 10 seconds.